 Dungeon Crawl Stone Soup version 0.21.1-1-g345015fe64 (webtiles) character file.

172 Hercules1031 the Cudgeler (level 5, -5/32 HPs)
             Began as a Gargoyle Fighter on June 15, 2018.
             Killed by divine providence
             ... invoked by an orc priest
              (11 damage)
             ... on level 3 of the Dungeon.
             The game lasted 00:18:17 (2782 turns).

Hercules1031 the Cudgeler (Gargoyle Fighter)        Turns: 2782, Time: 00:18:17

Health: -5/32      AC: 12    Str: 21    XL:     5   Next: 53%
Magic:  5/5        EV:  7    Int:  8    God:
Gold:   187        SH:  9    Dex:  9    Spells: 4/4 levels left

rFire    . . .     SeeInvis .   k - +0 morningstar
rCold    . . .     Gourm    .   c - +0 shield
rNeg     + . .     Faith    .   b - +0 scale mail
rPois    ∞         Spirit   .   (no helmet)
rElec    +         Reflect  .   (no cloak)
rCorr    .         Harm     .   (no gloves)
MR       .....                  l - +0 pair of boots
Stlth    ..........             (no amulet)
HPRegen  0.10/turn              (no ring)
MPRegen  0.09/turn              (no ring)

@: no status effects
A: negative energy resistance 1, electricity resistance, unbreathing,
petrification resistance, rot immunity, AC +4
a: no special abilities


You were on level 3 of the Dungeon.
You were very full.

You visited 1 branch of the dungeon, and saw 3 of its levels.

You collected 187 gold pieces.

Inventory:

Hand Weapons
 a - a +0 flail
 k - a +0 morningstar (weapon)
Armour
 b - a +0 scale mail (worn)
 c - a +0 shield (worn)
 l - a +0 pair of boots (worn)
Wands
 o - a wand of flame (34)
Scrolls
 e - 3 scrolls of identify
 g - 2 scrolls of teleportation {unknown}
 h - a scroll of amnesia {unknown}
 m - a scroll of fear {unknown}
Potions
 d - a potion of might
 i - a potion of magic
 j - a potion of curing
 n - a potion of berserk rage
Comestibles
 f - 5 rations


   Skills:
 + Level 3.2 Fighting
 + Level 5.6 Maces & Flails
 + Level 3.2 Armour
 + Level 3.2 Shields
 + Level 0.0 Spellcasting


You had 4 spell levels left.
You didn't know any spells.

Dungeon Overview and Level Annotations

Branches:
Dungeon (3/15)

Altars:
Trog
The Shining One

Annotations:
D:3 1 transporter


Innate Abilities, Weirdness & Mutations

You are resistant to torment.
Your stone body is resilient. (AC +4)
You are immune to poison.
You resist negative energy. (rN+)
You are resistant to electric shocks. (rElec)
You can survive without breathing.
You are immune to petrification.
You are immune to rotting.


Message History

You now have 187 gold pieces (gained 4).
There is a transporter here.
Okay, then.
That item cannot be evoked!
Aiming: Throw Flame
Press: ? - help, Shift-Dir - straight line, f - orc priest
Aim: an orc priest, wielding a flail (fire blocked by a translucent stone wall) There's something in the way.
Okay, then.
You see here a spear.
That item cannot be evoked!
Aiming: Throw Flame
Press: ? - help, Shift-Dir - straight line
Okay, then.
The orc priest mumbles some strange prayers to Beogh against you.
Beogh smites you!
* * * LOW HITPOINT WARNING * * *
The orc priest calls down the wrath of Beogh upon you.
Beogh smites you!
You die...

###..†###.........###.##†....#
##....###########..##.##.....#
.......................<.....#
##...(..).(.(.........#......#
##...###############.........#
.....#8P#.....o5#≈8#..#......#
###..#P.#≈≈≈≈≈≈≈#.P#....#.†..#
###..#..#..≈≈≈..#..#....#....#
....©#©.'..≈♣≈..@)©#©...#....#
##...#..#..≈P≈..#..#....#######
#...#P.#≈≈≈≈≈≈≈#.P#..........#
##..#8P#.....5o#≈8#..........#
#..###############....#.....#
#...................###)....#
###...................# #######
...####..........###..#
##..###..........# #.##


You could see 2 orc priests and 2 shadow imps.

Vanquished Creatures
  A hound (D:3)
  A howler monkey skeleton (D:3)
  6 adders
  4 dart slugs
  5 orcs (D:3)
  4 giant cockroaches
  5 goblins
  7 hobgoblins
  3 jackals (D:1)
  7 kobolds
  A quokka (D:3)
  A ball python (D:1)
  11 bats
  A frilled lizard (D:1)
  6 rats
63 creatures vanquished.

Notes
Turn   | Place    | Note
-------+----------+-------------------------------------------
     0 | D:1      | Hercules1031 the Gargoyle Fighter began the quest for the Orb.
     0 | D:1      | Reached XP level 1. HP: 14/14 MP: 1/1
   308 | D:1      | Reached XP level 2. HP: 19/19 MP: 2/2
   406 | D:1      | Reached skill level 3 in Maces & Flails
   791 | D:1      | Reached XP level 3. HP: 23/23 MP: 3/3
  1030 | D:2      | Found a bloodstained altar of Trog.
  1482 | D:2      | Reached skill level 4 in Maces & Flails
  1545 | D:2      | Reached XP level 4. HP: 28/28 MP: 4/4
  1570 | D:2      | Found a glowing golden altar of the Shining One.
  2050 | D:3      | Reached skill level 5 in Maces & Flails
  2051 | D:3      | Reached XP level 5. HP: 11/32 MP: 5/5
  2341 | D:3      | Found a transporter.
  2373 | D:3      | Found a transporter.
  2782 | D:3      | Killed from afar by an orc priest

Skill      XL: |  1  2  3  4 |
---------------+-------------+-----
Maces & Flails | 3 4 5 |  5.6
Fighting       | |  3.2
Armour         | |  3.2
Shields        | |  3.2

Action                   |  1- 3 |  4- 6 || total
-------------------------+-------+-------++-------
Melee: Flail             |   100 |    64 ||   164
       Morningstar       |       |    74 ||    74
  Use: Potion            |     3 |     2 ||     5
       Scroll            |     1 |       ||     1
  Eat: Ration            |     2 |     2 ||     4
Armor: Scale mail        |    63 |    99 ||   162
Dodge: Dodged            |    40 |    69 ||   109
Block: Shield            |    66 |    98 ||   164
